 Dungeon Crawl Stone Soup version 0.32-a0-898-g7811c86cf0 (webtiles) character file.

Game seed: 13572660081663395107

1099 spaghetti the Chiller (level 8, 0/62 HPs)
             Began as a Naga Ice Elementalist on Apr 4, 2024.
             Was a Believer of Sif Muna.
             Killed from afar by an orc wizard (6 damage)
             ... with a magic dart
             ... on level 6 of the Dungeon.
             The game lasted 00:09:42 (5457 turns).

spaghetti the Chiller (Naga Ice Elementalist)       Turns: 5457, Time: 00:09:42

Health: 0/62       AC:  5    Str: 10    XL:     8   Next: 32%
Magic:  3/15       EV: 14    Int: 18    God:    Sif Muna [**....]
Gold:   219        SH:  0    Dex: 12    Spells: 5/17 levels left

rFire   . . .        v - +0 trident (distort)
rCold   . . .        (no shield)
rNeg    . . .        a - +0 robe
rPois   +            (no helmet)
rElec   .            (no cloak)
rCorr   .            j - +1 pair of gloves
SInv    +            (no barding)
Will    +....        (no amulet)
Stlth   ++           m - +5 ring of evasion
HPRegen 0.30/turn    (no ring)
MPRegen 0.14/turn

%: no passive effects
@: very slow
A: AC +2, large, see invisible, deformed body, poison resistance, slowness 2,
spit poison 1, naga tail 1
a: Spit Poison, Renounce Religion, Channel Magic


You were on level 6 of the Dungeon.
You worshipped Sif Muna.
Sif Muna was pleased with you.
You visited 1 branch of the dungeon, and saw 6 of its levels.

You collected 219 gold pieces.

Inventory:

Hand Weapons
 n - a +2 dagger of venom
 v - a +0 trident of distortion (weapon)
Armour
 a - a +0 robe (worn)
 g - a +2 helmet
 j - a +1 pair of gloves (worn)
Jewellery
 m - a +5 ring of evasion (left hand)
Wands
 i - a wand of flame (23)
 k - a wand of quicksilver (7)
 r - a wand of warping (12)
 u - a wand of polymorph (7)
Scrolls
 l - 2 scrolls of teleportation
 o - 2 scrolls of fog
 p - a scroll of identify
 q - a scroll of brand weapon
 s - a scroll of vulnerability
 t - a scroll of silence
 w - a scroll of immolation {unknown}
 x - a scroll of amnesia {unknown}
Potions
 b - a potion of magic
 c - a potion of attraction
 e - 4 potions of curing
 f - a potion of brilliance
 h - a potion of haste {unknown}


   Skills:
 - Level 1.5 Dodging
 - Level 3.0 Stealth
 - Level 5.0 Spellcasting
 + Level 0.8 Summonings
 * Level 4.2 Necromancy
 + Level 5.9 Ice Magic
 * Level 5.2 Invocations


You had 5 spell levels left.
You knew the following spells:

 Your Spells              Type           Power      Damage    Failure   Level
a - Anguish               Hex/Necr       6%         N/A       50%         4
b - Frozen Ramparts       Ice            50%        1d8       3%          3
c - Summon Ice Beast      Ice/Summ       16%        N/A       10%         3
d - Necrotise             Necr           76%        1d7       2%          1
e - Freeze                Ice            100%       1d10      1%          1

Your spell library contained the following spells:

 Spells                   Type           Power      Damage    Failure   Level
 Ozocubu's Armour         Ice            25%        N/A       3%          3
 Ensorcelled Hibernation  Hex/Ice        30%        N/A       6%          2
 Fugue of the Fallen      Necr           19%        N/A       7%          3
 Summon Small Mammal      Summ           28%        N/A       10%         1
 Apportation              Tloc           8%         N/A       13%         1
 Sting                    Conj/Alch      16%        1d4       13%         1
 Dazzling Flash           Conj/Hex       8%         N/A       36%         3
 Enfeeble                 Hex            2%         N/A       100%        7
 Manifold Assault         Tloc           2%         N/A       100%        7


Dungeon Overview and Level Annotations

Branches:
Dungeon (6/15)
 Temple: D:4-7

Altars:
Elyvilon
Hepliaklqana
Sif Muna
Vehumet
Zin


Innate Abilities, Weirdness & Mutations

Your serpentine skin is tough. (AC +2)
You have supernaturally acute eyesight. (SInv)
Armour fits poorly on your strangely shaped body.
Your system is resistant to poisons. (rPois)
You cover ground very slowly.
You can spit poison.
You have a snake-like lower body.


Message History

Unknown command.
Blink to where?
Press: ? - help, Dir - move target, p - orc warrior The frozen ramparts melt away as you move.
As you read the scroll of blinking, it crumbles to dust.
Casting: Frozen Ramparts (dangerous; 3% risk of failure)
Confirm with . or Enter, or press ? or * to list all spells.
A chill wind blows around you.
Aiming: Warp Space
Press: ? - help, Shift-Dir - straight line Space twists violently!
The rupture engulfs the orc warrior!
The orc warrior blinks!
Sif Muna accepts your kill.
You feel a bit more experienced.
Aiming: Warp Space
Press: ? - help, Shift-Dir - straight line, f - you
Okay, then.
What are your orders? t - Shout!
Orders for allies: a - Attack new target. r - Retreat! s - Stop attacking. g - Guard the area. f - Follow me.
Anything else - Cancel.
Gang up on whom?
Press: ? - help, Dir - move target, f - orc wizard
Aim: an orc wizard, wielding a +0 dagger and wearing a +0 robe (slightly transparent)
The orc wizard is invisible, and you have no allies that can see it.
What are your orders? t - Shout!
Orders for allies: a - Attack new target. p - Attack previous target. r - Retreat! s - Stop attacking. g - Guard the area. f - Follow me.
Anything else - Cancel.
Gang up on whom?
Press: ? - help, Dir - move target, f/p - orc wizard
Aim: an orc wizard, wielding a +0 dagger and wearing a +0 robe (slightly transparent)
The orc wizard is invisible, and you have no allies that can see it.
The orc wizard casts a spell at you. The magic dart hits you.
You die...

#... #....# ..# ##.#.# ...
#.#.# .o# #.#.# #o# #.#.#
#o# #รท#.# #)##.# #.#.# #.#
#.##.########## #.#.#
#.###.##.##...@...#####.#.#
#.#......o...Y......)...#.#
#.#.#.##.#........#######.#
#.#.#.............# #.#
#.#.####.##.......# #.#
#.#.#.............# #.#
#.#.#.####........# #.#
#........#........# #.#
###.#.#..#.#.###### #.#


You could see an orc wizard (invisible) and a friendly ice beast (summoned).

Vanquished Creatures
  Grinder (D:5)
  A water moccasin (D:5)
  An orc warrior (D:6)
  A black bear (D:6)
  A centaur (D:6)
  A scorpion (D:5)
  2 orc priests
  A hound (D:5)
  A jelly (D:5)
  2 orc wizards
  Ijyb (D:5)
  Robin (D:3)
  10 adders
  7 ribbon worms
  6 dart slugs
  9 orcs
  6 ball pythons
  6 endoplasms
  4 giant cockroaches
  16 goblins
  10 hobgoblins
  2 jackals (D:2)
  9 kobolds
  2 quokkas (D:3)
  7 bats
  4 frilled lizards
  5 rats
117 creatures vanquished.

Vanquished Creatures (collateral kills)
  An orc wizard (D:5)
  3 orcs (D:4)
4 creatures vanquished.

Grand Total: 121 creatures vanquished

Notes
Turn   | Place    | Note
-------+----------+-------------------------------------------
     0 | D:1      | spaghetti the Naga Ice Elementalist began the quest for the
                  | Orb.
     0 | D:1      | Reached XP level 1. HP: 15/15 MP: 3/3
    15 | D:1      | Got the Atlas of the Lost Vertex
   163 | D:1      | Reached XP level 2. HP: 22/22 MP: 1/5
   778 | D:1      | Reached XP level 3. HP: 28/28 MP: 5/7
   782 | D:1      | Learned a level 3 spell: Frozen Ramparts
   786 | D:1      | Learned a level 3 spell: Summon Ice Beast
  1438 | D:2      | Reached XP level 4. HP: 33/36 MP: 6/8
  1952 | D:2      | Found a faded altar of an unknown god.
  2088 | D:2      | Prayed at the altar of an unknown god.
  2088 | D:2      | Became a worshipper of Sif Muna the Loreminder
  2088 | D:2      | Reached * piety under Sif Muna
  2235 | D:3      | Reached skill level 1 in Invocations
  2312 | D:3      | Found a glowing silver altar of Zin.
  2569 | D:3      | Reached XP level 5. HP: 40/42 MP: 8/10
  2733 | D:3      | Found a faded altar of an unknown god.
  2733 | D:3      | Found a faded altar of an unknown god.
  2735 | D:3      | Found a hazy altar of Hepliaklqana.
  2893 | D:3      | Noticed Robin
  2895 | D:3      | Killed Robin
  2895 | D:3      | Reached ** piety under Sif Muna
  3066 | D:3      | Learned a level 1 spell: Necrotise
  3198 | D:4      | You fall into a shaft and drop 1 floor!
  3198 | D:5      | Entered Level 5 of the Dungeon
  3244 | D:4      | Reached skill level 5 in Ice Magic
  3653 | D:4      | Found a radiant altar of Vehumet.
  3870 | D:4      | Found a white marble altar of Elyvilon.
  3997 | D:5      | Reached skill level 1 in Necromancy
  3997 | D:5      | Reached XP level 6. HP: 47/49 MP: 12/12
  4231 | D:5      | Noticed Grinder
  4233 | D:5      | Paralysed by Grinder for 4 turns
  4254 | D:5      | Killed Grinder
  4255 | D:5      | Reached XP level 7. HP: 40/55 MP: 4/13
  4424 | D:5      | Noticed Ijyb
  4435 | D:5      | Killed Ijyb
  4747 | D:5      | Reached skill level 5 in Spellcasting
  4785 | D:5      | Reached *** piety under Sif Muna
  5168 | D:6      | Reached XP level 8. HP: 58/62 MP: 9/15
  5290 | D:6      | Learned a level 4 spell: Anguish
  5451 | D:6      | Reached skill level 5 in Invocations
  5457 | D:6      | Killed from afar by an orc wizard

Illustrated notes

Levels and vault maps discovered:
D:1:      lemuel_arrival_muddy, layout_loops_ring, minmay_tripent
D:2:      layout_basic, shapermc_ecumenical_altar_flowoftime
D:3:      layout_loops_cross, marbit_many_paths,
          nicolae_hepliaklqana_ecumenical_no_more, minmay_misc_feat_encased,
          uniq_robin
D:4:      layout_cave_pools, nicolae_elyvilon_peaceful_grove, vehumet_crystals
D:5:      layout_loops_ring, minmay_misc_feat_ornament,
          hangedman_abyss_or_decor_lesser_grid, nicolae_wormholes, uniq_ijyb,
          uniq_grinder
D:6:      layout_basic, nzn_wu_jian_contemplation,
          minmay_temple_entry_gardened_gates, serial_shops, shop

Skill      XL: |  1  2  3  4  5  6  7  8 |
---------------+-------------------------+-----
Spellcasting   | 3 4 5 |  5.0
Invocations    | 1 2 3 4 5 |  5.2
Ice Magic      | 5 |  5.9
Necromancy     | 1 2 3 4 |  4.2
Dodging        | |  1.5
Stealth        | |  3.0
Summonings     | |  0.8

Action                     |  1- 3 |  4- 6 |  7- 9 || total
---------------------------+-------+-------+-------++-------
  Melee: Unarmed           |    29 |    96 |       ||   125
         Punch             |       |     2 |       ||     2
         Dagger            |       |    59 |    35 ||    94
         Trident           |       |       |    25 ||    25
   Cast: Freeze            |    52 |    42 |       ||    94
         Necrotise         |       |    11 |       ||    11
         Summon Ice Beast  |       |     6 |     5 ||    11
         Frozen Ramparts   |       |     7 |     7 ||    14
Ability: Spit Poison       |     2 |     2 |       ||     4
  Evoke: Wand              |       |       |     2 ||     2
    Use: Scroll            |     1 |     6 |     2 ||     9
         Potion            |     1 |     9 |       ||    10
   Stab: Sleeping          |     1 |     1 |     1 ||     3
         Distracted        |       |       |     1 ||     1
 Armour: Robe              |    52 |   120 |    48 ||   220
  Dodge: Dodged            |    31 |   107 |    53 ||   191

Table legend: (Time is in decaauts)
 A = Elapsed time spent in this place.
 B = Non-inter-level travel time spent in this place.
 C = Inter-level travel time spent in this place.
 D = Time resting spent in this place.
 E = Time spent auto-exploring this place.
 F = Levels seen in this place.
 G = Mean time per level.
                   A        B        C        D        E       F      G
               +--------+--------+--------+--------+--------+-----+--------+
         Total |   6709 |   6570 |    139 |    394 |   5207 |   6 | 1118.2 |
       Dungeon |   6709 |   6570 |    139 |    394 |   5207 |   6 | 1118.2 |
               +--------+--------+--------+--------+--------+-----+--------+

Top non-repeatable levels by time:
     D:5: 1434 daAuts
     D:1: 1409 daAuts
     D:3: 1248 daAuts
     D:2: 1202 daAuts
     D:4: 992 daAuts
     D:6: 422 daAuts
